 Dungeon Crawl Stone Soup version 0.17-a0-1798-g879a7aa (webtiles) character file.

112 shakdrar the Skirmisher (level 4, -4/37 HPs)
             Began as a Demonspawn Abyssal Knight on Sept 10, 2015.
             Was a Believer of Lugonu.
             Splashed by a jelly's acid (10 damage)
             ... on level 3 of the Dungeon.
             The game lasted 00:09:11 (3265 turns).

shakdrar the Skirmisher (Demonspawn Abyssal Knight) Turns: 3265, Time: 00:09:14

Health: -4/37      AC: -1    Str: 13    XL:     4   Next: 64%
Magic:  5/5        EV: 11    Int: 14    God:    Lugonu [**....]
Gold:   154        SH:  0    Dex: 12    Spells: 0 memorised, 3 levels left

rFire  + . .     SeeInvis .     a - +2 hand axe
rCold  + . .     Clarity  .     b - +1 leather armour
rNeg   . . .     SustAt   .     (no shield)
rPois  .         Gourm    .     (no helmet)
rElec  .         Spirit   .     (no cloak)
rCorr  .         Warding  .     (no gloves)
rMut   .         Stasis   .     (no boots)
MR     .....                    (no amulet)
Stlth  +.........               (no ring)
                                e - ring of protection from cold

@: corroded equipment, not resistant to hostile enchantments, very unstealthy
A: thin metallic scales 1, fire resistance 1
a: Depart the Abyss, Bend Space, Renounce Religion


You were on level 3 of the Dungeon.
You worshipped Lugonu.
Lugonu was pleased with you.
You were not hungry.

You visited 1 branch of the dungeon, and saw 3 of its levels.
You visited the Abyss 1 time.

You collected 154 gold pieces.

Inventory:

Hand weapons
 a - a +2 hand axe (weapon)
 h - a +2 flail of crushing
Armour
 b - a +1 leather armour (worn)
Jewellery
 e - a ring of protection from cold (left hand)
Scrolls
 d - 3 scrolls of identify
 f - a scroll of amnesia
 g - a scroll of enchant armour
 j - 3 scrolls of recharging {unknown}
 k - a scroll of immolation {unknown}
 l - a scroll of remove curse
Potions
 i - a potion of flight {unknown}
 m - a potion of heal wounds {unknown}
 n - a potion of invisibility {unknown}
Comestibles
 c - a bread ration


   Skills:
 + Level 3.9 Fighting
 + Level 2.7 Axes
 + Level 0.0(1.5) Maces & Flails
 + Level 3.1 Armour
 - Level 0.8 Dodging
 - Level 2.4 Invocations


You had 3 spell levels left.
You didn't know any spells.

Dungeon Overview and Level Annotations

Branches:
Dungeon (3/15)

Altars:
Fedhas
Gozag
Kikubaaqudgha


Innate Abilities, Weirdness & Mutations

You are partially covered in thin metallic scales (AC +2).
Your flesh is heat resistant.


Message History

The jelly is lightly wounded.
The jelly closely misses you.
You hit the jelly but do no damage.
Your hands burn!
The jelly is lightly wounded.
The jelly hits you but does no damage.
You hit the jelly.
Your hands burn!
The jelly is lightly wounded.
The jelly misses you.
You hit the jelly.
Your hands burn!
The jelly is moderately wounded.
Your butterfly disappears in a puff of smoke!
The jelly hits you.
You are splashed with acid!
The acid burns!
* * * LOW HITPOINT WARNING * * *
You hit the jelly. The acid corrodes you!
Your hands burn!
* * * LOW HITPOINT WARNING * * *
The jelly is moderately wounded.
The jelly hits you.
* * * LOW HITPOINT WARNING * * *
You are splashed with acid!
The acid burns!
You die...

##.....# ..# #.
##....# ##. #.
##+#.# # #. #.#.#
#. ###.#.### ##
#....... #...>.#
#.....# #....@#
......#.#.J......
##### #b#########
#.# #.# #.# #.#
#(# #.#


You could see a jelly.

Vanquished Creatures
  A gnoll (D:1)
  3 adders
  2 worms
  2 orcs (D:2)
  5 giant cockroaches
  8 hobgoblins
  4 jackals (D:2)
  11 kobolds
  A quokka (D:3)
  3 ball pythons
  10 bats
  4 giant geckos
  4 goblins (D:1)
  5 rats
63 creatures vanquished.

Vanquished Creatures (others)
  A human (D:3)
1 creature vanquished.

Grand Total: 64 creatures vanquished

Notes
Turn   | Place    | Note
--------------------------------------------------------------
     0 | Abyss:1  | shakdrar the Demonspawn Abyssal Knight began the quest for the Orb.
     0 | Abyss:1  | Reached XP level 1. HP: 18/18 MP: 2/2
    20 | D:1      | Escaped the Abyss
   407 | D:1      | Gained mutation: You are partially covered in thin metallic scales (AC +2). [demonic ancestry]
   407 | D:1      | Reached XP level 2. HP: 8/24 MP: 3/3
  1216 | D:2      | Gained mutation: Your flesh is heat resistant. [demonic ancestry]
  1216 | D:2      | Reached XP level 3. HP: 14/29 MP: 4/4
  1545 | D:2      | Acquired Lugonu's second power
  2153 | D:1      | Found an opulent altar of Gozag.
  2153 | D:1      | Found a blossoming altar of Fedhas.
  2158 | D:1      | Reached XP level 4. HP: 32/36 MP: 5/5
  2840 | D:3      | Found an ancient bone altar of Kikubaaqudgha.
  2841 | D:3      | Noticed a human
  2844 | D:3      | Killed a human
  3265 | D:3      | Splashed by a jelly's acid

Vault maps used:
D:1:      erik_arrival_cave_to_civilisation, minmay_misc_feat_nine_boxes
D:3:      portal_sewer_entry_d, minmay_misc_feat_encased, tgw_kikubaaqudgha

Action                   |  1- 3 |  4- 6 || total
-------------------------+-------+-------++-------
Melee: Hand axe          |   153 |    40 ||   193
       Flail             |       |    15 ||    15
  Use: Scroll            |     8 |     1 ||     9
       Potion            |     2 |       ||     2
  Eat: Bread ration      |     1 |     1 ||     2
